 Dungeon Crawl Stone Soup version 0.29.1-12-g30fa7ad0bf (webtiles) character file.

Game seed: 16022662372452595242

21 hawla the Chiller (level 3, -3/26 HPs)
             Began as a Meteoran Ice Elementalist on Dec 12, 2022.
             Slain by Grinder (5 damage)
             ... on level 4 of the Dungeon.
             The game lasted 00:02:39 (244 turns).

hawla the Chiller (Meteoran Ice Elementalist)        Turns: 244, Time: 00:02:40

Health: -3/26      AC:  2    Str: 10    XL:     3   Next: 17%
Magic:  3/8        EV: 12    Int: 18    God:
Gold:   18         SH:  0    Dex: 14    Spells: 3/7 levels left

rFire   . . .      SeeInvis .   (no weapon)
rCold   . . .      Faith    .   (no shield)
rNeg    . . .      Spirit   .   a - +0 robe
rPois   .          Reflect  .   (no helmet)
rElec   .          Harm     .   (no cloak)
rCorr   .          Rampage  .   (no gloves)
Will    .....                   (no boots)
Stlth   +.........              (no amulet)
HPRegen 0.08/turn               (no ring)
MPRegen 0.11/turn               (no ring)

@: freezing walls, glowing
A: sense surroundings 1, otherworldly, glowing, explore regen
a: no special abilities


You were on level 4 of the Dungeon.
You visited 1 branch of the dungeon, and saw 4 of its levels.

You collected 18 gold pieces.

Inventory:

Armour
 a - a +0 robe (worn)
Scrolls
 g - a scroll of enchant weapon {unknown}
 h - a scroll of teleportation {unknown}
Potions
 b - a potion of magic
 c - a potion of ambrosia {unknown}
 d - a potion of berserk rage {unknown}
 e - a potion of might {unknown}
 f - a potion of heal wounds {unknown}


   Skills:
 + Level 2.8 Dodging
 - Level 1.4 Stealth
 + Level 2.9 Spellcasting
 + Level 5.0 Ice Magic


You had 3 spell levels left.
You knew the following spells:

 Your Spells              Type           Power      Damage    Failure   Level
a - Freeze                Ice            80%        1d9       2%          1
b - Frozen Ramparts       Ice            40%        1d7       6%          3

Your spell library contained the following spells:

 Spells                   Type           Power      Damage    Failure   Level
 Ozocubu's Armour         Ice            20%        N/A       6%          3
 Hailstorm                Conj/Ice       11%        3d5       52%         4


Dungeon Overview and Level Annotations

Branches:
Dungeon (4/15) Zot: 2155
 Temple: D:4-7

Altars:

Annotations:
D:4 Grinder


Innate Abilities, Weirdness & Mutations

You passively map a small area around you.
You are easily found by Zot.
You glow in the dark.
You regain HP and MP as you explore.


Message History

You start memorising the spell.
You continue memorising.
You feel sick.
You continue memorising.
You feel sick.
You continue memorising.
You feel sick.
You finish memorising.
Spell assigned to 'b'.
You feel sick.
You are no longer poisoned.
Grinder gestures at you. Pain shoots through your body!
Grinder says, "Don't move a muscle."
Casting: Freeze (safe; 2% risk of failure)
Confirm with . or Enter, or press ? or * to list all spells.
The spell is quite dangerous to miscast (6% risk of failure)!
Continue anyway?
Casting: Frozen Ramparts (quite dangerous; 6% risk of failure)
Press: ? - help, Dir - look around, f - activate The walls around you are covered in ice.
Grinder resists.
The wall freezes Grinder.
Casting: Frozen Ramparts (quite dangerous; 6% risk of failure)
Confirm with . or Enter, or press ? or * to list all spells.
Aiming: Freeze (safe; 2% risk of failure)
Press: ? - help, Shift-Dir - straight line, f - Grinder
Aim: Grinder (lightly wounded)
You freeze Grinder.
Grinder resists.
Grinder is lightly wounded.
Grinder resists.
The wall freezes Grinder.
Grinder hits you.
You writhe in agony.
Casting: Freeze (safe; 2% risk of failure)
Confirm with . or Enter, or press ? or * to list all spells.
Aiming: Freeze (safe; 2% risk of failure)
Press: ? - help, Shift-Dir - straight line, f/p - Grinder
Aim: Grinder (lightly wounded)
You freeze Grinder.
Grinder resists.
Grinder is lightly wounded.
The wall freezes Grinder but does no damage.
Grinder hits you!
* * * LOW HITPOINT WARNING * * *
You writhe in agony.
You die...

........#......#
..<... ** , .....#,
###....#####..... **
.##..##
*###............,
..#...# _###.........
* ...##<# , *
#........ * , ..##..#
###...#...., ......# *
,#.....#*#.. ......#
_###†..##,,.. *
##....# * ##@..#....
.#..#..# , ##5.....#
.#.##.... #......## ,
...###...#....)......#
##..,
.###............. #...
.................., ,
................. *
.................
................


You could see Grinder.

Vanquished Creatures
  A dart slug (D:4)
  2 ball pythons
  An endoplasm (D:3)
  A goblin (D:1)
  3 hobgoblins
  3 jackals (D:3)
  A kobold (D:4)
  2 quokkas (D:1)
14 creatures vanquished.

Notes
Turn   | Place    | Note
-------+----------+-------------------------------------------
     0 | D:1      | hawla the Meteoran Ice Elementalist began the quest for the
                  | Orb.
     0 | D:1      | Reached XP level 1. HP: 14/14 MP: 5/5
    72 | D:1      | Reached XP level 2. HP: 18/20 MP: 4/6
   138 | D:3      | Reached XP level 3. HP: 21/26 MP: 0/8
   233 | D:4      | Noticed Grinder
   235 | D:4      | Reached skill level 5 in Ice Magic
   239 | D:4      | Learned a level 3 spell: Frozen Ramparts
   244 | D:4      | Slain by Grinder

Illustrated notes

Levels and vault maps discovered:
D:1:      heliophobic_arrival_enchanted_forest, layout_rooms,
          shapermc_ecumenical_altar_petra
D:2:      minmay_evil_eye, layout_rooms, minmay_worlds_worst_comb
D:3:      layout_rooms, good_gods_mini_temple, lightli_sewer_entry_pipes,
          nicolae_concentric_dashed_squares_wild
D:4:      layout_cave_pools, mainiacjoe_overflow_alcove_3, minivault_11,
          uniq_grinder

Skill      XL: |  1  2  3 |
---------------+----------+-----
Ice Magic      | 5 |  5.0
Dodging        | |  2.8
Stealth        | |  1.4
Spellcasting   | |  2.9

Action                   || total
-------------------------++-------
Melee: Unarmed           ||     3
 Cast: Freeze            ||    24
       Frozen Ramparts   ||     1
  Use: Scroll            ||     1
Armor: Robe              ||     2
Dodge: Dodged            ||    10
